 Dungeon Crawl Stone Soup version 0.26.1-11-gd32895ea62 (webtiles) character file.

Game seed: 5794657850642892319

112 Zeld the Sneak (level 4, -4/29 HPs)
             Began as an Octopode Brigand on May 14, 2021.
             Slain by a gnoll
             ... wielding a +0 halberd
              (7 damage)
             ... on level 3 of the Dungeon.
             The game lasted 00:03:03 (3645 turns).

Zeld the Sneak (Octopode Brigand)                   Turns: 3645, Time: 00:03:03

Health: -4/29      AC:  1    Str: 11    XL:     4   Next: 95%
Magic:  7/7        EV: 13    Int: 13    God:
Gold:   135        SH:  0    Dex: 13    Spells: 7/7 levels left

rFire    . . .     SeeInvis .   a - +2 dagger
rCold    . . .     Faith    .   (no shield)
rNeg     . . .     Spirit   .   (helmet restricted)
rPois    .         Reflect  .   (no amulet)
rElec    .         Harm     .   (no ring)
rCorr    .         Rampage  .   (no ring)
Will     .....                  (no ring)
Stlth    ++++......             (no ring)
HPRegen  0.09/turn              (no ring)
MPRegen  0.10/turn              (no ring)
                                (no ring)
                                (no ring)

@: no status effects
A: almost no armour, stealthy swim, amphibious, 8 rings, constrict 8, camouflage
1, gelatinous body 1
a: no special abilities


You were on level 3 of the Dungeon.
You visited 1 branch of the dungeon, and saw 3 of its levels.

You collected 135 gold pieces.

Inventory:

Hand Weapons
 a - a +2 dagger (weapon)
Missiles
 b - 47 poisoned darts (quivered)
 c - 2 curare-tipped darts
Jewellery
 l - an uncursed amulet of regeneration {unknown}
 m - a +4 ring of evasion {unknown}
 q - an uncursed ring of see invisible {unknown}
Scrolls
 d - 4 scrolls of identify {unknown}
 g - 2 scrolls of amnesia {unknown}
 h - a scroll of enchant weapon {unknown}
 k - a scroll of teleportation {unknown}
 n - a scroll of enchant armour {unknown}
 p - a scroll of blinking {unknown}
Potions
 e - a potion of heal wounds {unknown}
 f - a potion of degeneration {unknown}
 i - 2 potions of curing {unknown}
 j - a potion of haste {unknown}
 o - a potion of invisibility {unknown}


   Skills:
 - Level 2.0 Fighting
 * Level 4.2 Short Blades
 - Level 2.0 Throwing
 - Level 1.0 Dodging
 - Level 5.3 Stealth
 + Level 2.0 Spellcasting


You had 7 spell levels left.
You didn't know any spells.
Your spell library was empty.

Dungeon Overview and Level Annotations

Branches:
Dungeon (3/15)

Altars:


Innate Abilities, Weirdness & Mutations

You cannot wear most types of armour.
You are very stealthy in the water. (Stealth+)
You are amphibious.
You can wear up to eight rings at the same time.
You can use your tentacles to constrict eight enemies at once.
Your skin changes colour to match your surroundings (Stealth+).
Your rubbery body absorbs attacks. (AC +1, EV +1)


Message History

You climb downwards.
A rat comes into view.
The rat moves out of view.
There is a stone staircase leading up here.
The orc barely misses you. The gnoll hits you but does no damage.
You climb upwards.
There is a stone staircase leading down here.
You start waiting.
Done waiting.
You start waiting.
Done waiting.
You climb downwards.
The gnoll barely misses you. The orc hits you with a +0 dagger.
The gnoll hits you with a +0 spear!
The orc hits you from afar with a +0 trident!
There is a stone staircase leading up here.
The orc completely misses you. The gnoll barely misses you.
The orc hits you from afar with a +0 trident.
* * * LOW HITPOINT WARNING * * *
The gnoll hits you from afar with a +0 halberd!
You die...

..# .....##.## #.# #
.....#.#o#...####.# ..#
......†.).........########..#
.....#.#.#oS.............#..#
.## .....##.o.........#.....#
.....#.####.##..###.......#
#######.####.##..###......>##
#......o.o............#
######.##@##.#.......#####
#.##g##.##....†......
#.##g##.###..)#†####
####.##)##.####.#...###
.....##.).........†.....
....g...........#...####
..#.....##.##.####.##
#..#.........# .#
##....##.##......#


You could see 2 gnolls and 2 orcs.

Vanquished Creatures
  2 gnolls
  3 adders
  A worm (D:2)
  A dart slug (D:2)
  A leopard gecko (D:2)
  7 orcs
  5 bats
  3 giant cockroaches
  4 goblins
  8 hobgoblins
  3 jackals (D:3)
  9 kobolds
  3 frilled lizards
  3 rats
53 creatures vanquished.

Notes
Turn   | Place    | Note
-------+----------+-------------------------------------------
     0 | D:1      | Zeld the Octopode Brigand began the quest for the Orb.
     0 | D:1      | Reached XP level 1. HP: 14/14 MP: 1/1
   338 | D:1      | Reached XP level 2. HP: 19/19 MP: 1/3
   561 | D:1      | Reached skill level 1 in Spellcasting
  1230 | D:2      | Reached XP level 3. HP: 24/24 MP: 4/4
  2018 | D:2      | Reached XP level 4. HP: 29/29 MP: 6/6
  3645 | D:3      | Slain by a gnoll

Illustrated notes

Levels and vault maps discovered:
D:1:      eino_arrival_cavern_a, layout_basic, chequers_serial_rivers_room_a,
          minmay_tetromino_l4
D:2:      layout_loops_corners, st_stairs_9, minmay_tall_x
D:3:      layout_loops_ring

Skill      XL: |  1  2  3  4 |
---------------+-------------+-----
Spellcasting   | 1 2 |  2.0
Short Blades   | 3 4 |  4.2
Fighting       | |  2.0
Throwing       | |  2.0
Dodging        | |  1.0
Stealth        | |  5.3

Action                   |  1- 3 |  4- 6 || total
-------------------------+-------+-------++-------
Melee: Dagger            |    58 |    43 ||   101
       Constrict         |    10 |    16 ||    26
       Tentacles         |     7 |     9 ||    16
 Stab: Sleeping          |    14 |     3 ||    17
Armor: Skin              |     8 |     1 ||     9
Dodge: Dodged            |    25 |    46 ||    71
